 Dungeon Crawl Stone Soup version 0.21.0-3-g78d12a8 (webtiles) character file.

63 Monsterracer the Insei (level 3, 0/26 HPs)
             Began as a Demonspawn Transmuter on Jan 14, 2018.
             Slain by a kobold
             ... wielding a +0 short sword
              (2 damage)
             ... on level 2 of the Dungeon.
             The game lasted 00:02:15 (1574 turns).

Monsterracer the Insei (Demonspawn Transmuter)      Turns: 1574, Time: 00:02:16

Health: 0/26       AC:  2    Str: 11    XL:     3   Next: 87%
Magic:  1/6        EV: 12    Int: 14    God:
Gold:   21         SH:  0    Dex: 13    Spells: 0/6 levels left

rFire    . . .     SeeInvis .     - Unarmed
rCold    . . .     Gourm    .   (no shield)
rNeg     . . .     Faith    .   b - +0 robe
rPois    .         Spirit   .   (helmet restricted)
rElec    .         Reflect  .   (no cloak)
rCorr    .         Harm     .   (no gloves)
MR       .....                  (boots currently unavailable)
Stlth    +.........             (no amulet)
HPRegen  0.08/turn              (no ring)
MPRegen  0.10/turn              (no ring)

@: appendage (expiring), very slightly contaminated
A: antennae 2, talons 3
a: End Transformation


You were on level 2 of the Dungeon.
You were not hungry.
You had grown temporary talons.
You visited 1 branch of the dungeon, and saw 2 of its levels.

You collected 21 gold pieces.

Inventory:

Missiles
 a - 11 arrows
Armour
 b - a +0 robe (worn)
 h - a +0 scale mail
Scrolls
 e - a scroll of identify {unknown}
 f - a scroll of remove curse
Potions
 g - a potion of might {unknown}
 i - a potion of curing
 j - a potion of cancellation {unknown}
 l - a potion of agility {unknown}
Books
 c - a book of Changes

   Spells                             Type                      Level
   a - Beastly Appendage              Transmutation                1
   b - Sticks to Snakes               Transmutation                2
   c - Spider Form                    Transmutation/Poison         3
   d - Ice Form                       Ice/Transmutation            4
   e - Blade Hands                    Transmutation                5
Comestibles
 d - 3 rations


   Skills:
 - Level 1.0 Fighting
 - Level 1.7 Dodging
 + Level 4.4 Unarmed Combat
 - Level 2.0 Spellcasting
 - Level 1.7 Transmutations


You couldn't memorise any spells.
You knew the following spells:

 Your Spells              Type           Power        Failure   Level  Hunger
a - Beastly Appendage     Tmut           #.....       12%         1    ##.....
b - Sticks to Snakes      Tmut           #.......     17%         2    ###....
c - Spider Form           Tmut/Pois      #.........   45%         3    ####...


Dungeon Overview and Level Annotations

Branches:
Dungeon (2/15)

Altars:


Innate Abilities, Weirdness & Mutations

You have a pair of antennae on your head.
You have claws for feet.


Message History

Confirm with . or Enter, or press ? or * to list all spells.
You don't have enough magic to cast that spell.
It was a potion of curing.
You feel better. The adder bites your ball python.
Your ball python dies!
You regained 9 hp, and now have 10/26 hp.
The adder barely misses you.
You hit the adder.
You kill the adder!
You see here an adder corpse.
You butcher the adder corpse.
k - 2 chunks of flesh Your magical contamination has completely faded away.
Magic restored.
Eating one of 2 chunks of flesh.
You eat one of the 2 chunks of flesh.
This raw flesh tastes terrible.
HP restored.
You sense a monster nearby.
Health restored: 26; MP restored: 6
Found a hand axe.
All of the chunks of flesh in your inventory have rotted away.
You see here a hand axe.
You enter a teleport trap!
The teleport trap disappears.
Your surroundings suddenly seem different.
A kobold comes into view. It is wielding a short sword.
The kobold shouts!
A rat comes into view.
There are monsters nearby!
There are monsters nearby!
You barely miss the kobold. The kobold hits you with a short sword.
A hobgoblin comes into view. It is wielding a club.
You take 5 damage, and have 21/26 hp.
You hit the kobold but do no damage. The kobold barely misses you.
You barely miss the kobold. The kobold hits you with a short sword.
You take 3 damage, and have 18/26 hp.
You are too injured to fight recklessly!
You are too injured to fight recklessly!
Casting: Sticks to Snakes
Confirm with . or Enter, or press ? or * to list all spells.
You miscast Spider Form.
You are very lightly contaminated with residual magic.
Nothing appears to happen.
The kobold hits you with a short sword.
You take 3 damage, and have 15/26 hp.
You now have 3/6 mp.
Casting: Spider Form
Confirm with . or Enter, or press ? or * to list all spells.
You miscast Spider Form.
You feel a strange surge of energy! The kobold hits you with a short sword.
You take 1 damage, and have 14/26 hp.
You now have 0/6 mp.
You closely miss the kobold. The kobold hits you with a short sword.
* * * LOW HITPOINT WARNING * * *
You take 3 damage, and have 11/26 hp.
The rat twitches its whiskers.
The rat bites you.
* * * LOW HITPOINT WARNING * * *
The kobold misses you.
You take 2 damage, and have 9/26 hp.
You open the door. The rat barely misses you. The kobold misses you.
Found acid dragon scales.
The kobold closely misses you.
There is an open door here.
You hit the hobgoblin but do no damage.
The hobgoblin hits you but does no damage.
You completely miss the hobgoblin.
The hobgoblin hits you but does no damage.
You closely miss the hobgoblin. The hobgoblin hits you with a club.
* * * LOW HITPOINT WARNING * * *
You take 1 damage, and have 9/26 hp.
You hit the hobgoblin.
The hobgoblin is severely wounded.
The hobgoblin hits you with a club!
* * * LOW HITPOINT WARNING * * *
You take 8 damage, and have 1/26 hp.
MASSIVE DAMAGE!!
Casting: Spider Form
Confirm with . or Enter, or press ? or * to list all spells.
Your feet morph into talons.
You now have 0/6 mp.
You barely miss the hobgoblin. You claw the hobgoblin.
You kill the hobgoblin!
The rat barely misses you.
You closely miss the rat. The rat barely misses you.
You hit the rat.
You kill the rat!
You closely miss the kobold.
Your transformation is almost over.
You closely miss the kobold. Your kick misses the kobold.
The kobold closely misses you.
You hit the kobold.
The kobold is severely wounded.
The kobold closely misses you.
You closely miss the kobold.
The kobold is severely wounded.
The kobold barely misses you.
You hit the kobold but do no damage.
The kobold is severely wounded.
The kobold hits you but does no damage.
You barely miss the kobold.
The kobold is severely wounded.
The kobold hits you but does no damage.
You barely miss the kobold.
The kobold is severely wounded.
The kobold hits you with a short sword.
You die...

.r..
####.......
##..
#..........
#..........
#..........
#..........
#..........
......#'######.
.####.#K# #.#@#
..#.# #.#.#
#..[. #.# #.#
#.# #.#


You could see a kobold.

Vanquished Creatures
  3 adders (D:2)
  4 dart slugs
  A leopard gecko (D:2)
  A giant cockroach (D:1)
  4 hobgoblins
  A quokka (D:2)
  3 bats
  A frilled lizard (D:1)
  5 goblins
  5 rats
28 creatures vanquished.

Notes
Turn   | Place    | Note
-------+----------+-------------------------------------------
     0 | D:1      | Monsterracer the Demonspawn Transmuter began the quest for the Orb.
     0 | D:1      | Reached XP level 1. HP: 15/15 MP: 3/3
    96 | D:1      | Reached skill level 3 in Unarmed Combat
   103 | D:1      | HP: 6/15 [dart slug (3)]
   104 | D:1      | Gained mutation: You have a pair of small antennae on your head. [demonic ancestry]
   104 | D:1      | Reached XP level 2. HP: 8/21 MP: 5/5
   108 | D:1      | Learned a level 2 spell: Sticks to Snakes
   371 | D:1      | HP: 9/21 [dart slug (2)]
   895 | D:2      | Gained mutation: You have a pair of antennae on your head. [demonic ancestry]
   895 | D:2      | Reached XP level 3. HP: 21/26 MP: 4/6
   983 | D:2      | Reached skill level 4 in Unarmed Combat
   988 | D:2      | Learned a level 3 spell: Spider Form
  1160 | D:2      | HP: 12/26 [adder (4)]
  1296 | D:2      | HP: 12/26 [adder (2)]
  1303 | D:2      | HP: 8/26 [poisoned by an adder]
  1305 | D:2      | HP: 2/26 [adder (2)]
  1554 | D:2      | HP: 11/26 [kobold/short sword (3)]
  1562 | D:2      | HP: 9/26 [hobgoblin/club (1)]
  1563 | D:2      | HP: 1/26 [hobgoblin/club (8)]
  1574 | D:2      | Slain by a kobold

Skill      XL: |  1  2  3 |
---------------+----------+-----
Unarmed Combat | 3 4 |  4.4
Fighting       | |  1.0
Dodging        | |  1.7
Spellcasting   | |  2.0
Transmutations | |  1.7

Action                   || total
-------------------------++-------
Melee: Unarmed           ||   127
       Headbutt          ||     2
       Punch             ||     1
       Kick              ||     1
 Cast: Beastly Appendage ||     2
       Spider Form       ||     2
       Sticks to Snakes  ||     1
  Use: Scroll            ||     3
       Potion            ||     1
  Eat: Chunk             ||     3
Armor: Robe              ||     9
       Scale mail        ||    26
Dodge: Dodged            ||    73

Vault maps used:
D:1:      dpeg_arrival_fog
D:2:      lemuel_coloured_pillars_altar, uniq_robin
